 Dungeon Crawl Stone Soup version 0.23-a0-303-gfcac5de (webtiles) character file.

71 Atlas the Grave Robber (level 4, -3/30 HPs)
             Began as a Mummy Necromancer on Oct 8, 2018.
             Killed by divine providence
             ... invoked by an orc priest
              (7 damage)
             ... on level 3 of the Dungeon.
             The game lasted 00:03:35 (2603 turns).

Atlas the Grave Robber (Mummy Necromancer)          Turns: 2603, Time: 00:03:36

Health: -3/30      AC:  5    Str: 11    XL:     4   Next: 5%
Magic:  0/9        EV: 10    Int: 15    God:
Gold:   170        SH:  0    Dex: 12    Spells: 6/10 levels left

rFire    . . .     SeeInvis .   (no weapon)
rCold    + . .     Gourm    .   (no shield)
rNeg     + + +     Faith    .   g - +0 ring mail {rF+}
rPois    ∞         Spirit   .   d - +0 hat
rElec    .         Reflect  .   (no cloak)
rCorr    .         Harm     .   (no gloves)
MR       +....                  (no boots)
Stlth    +.........             (no amulet)
HPRegen  0.10/turn              f - ring of protection from magic
MPRegen  0.11/turn              (no ring)

@: no status effects
A: no food or potions, fire vulnerability, cold resistance 1, negative energy
resistance 3, torment resistance, unbreathing
a: no special abilities


You were on level 3 of the Dungeon.
You were not hungry.

You visited 1 branch of the dungeon, and saw 3 of its levels.

You collected 170 gold pieces.

Inventory:

Armour
 a - a +0 ring mail
 d - a +0 hat (worn)
 g - a +0 ring mail of fire resistance (worn)
Jewellery
 f - a ring of protection from magic (left hand)
Scrolls
 b - 2 scrolls of blinking {unknown}
 c - a scroll of identify {unknown}
 e - a scroll of immolation {unknown}


   Skills:
 + Level 0.5 Armour
 + Level 1.5 Dodging
 + Level 1.6 Stealth
 + Level 0.1 Unarmed Combat
 + Level 3.6 Spellcasting
 + Level 5.0 Necromancy


You had 6 spell levels left.
You knew the following spells:

 Your Spells              Type           Power        Failure   Level  Hunger
a - Pain                  Necr           ###.         6%          1    N/A
c - Vampiric Draining     Necr           ###.......   17%         3    N/A

Your spell library contained the following spells:

 Spells                   Type           Power        Failure   Level  Hunger
 Animate Skeleton         Necr           N/A          6%          1    N/A
 Animate Dead             Necr           N/A          50%         4    N/A
 Regeneration             Chrm/Necr      Unusable     N/A         3    N/A

Dungeon Overview and Level Annotations

Branches:
Dungeon (3/15)

Altars:
Nemelex Xobeh


Innate Abilities, Weirdness & Mutations

You do not eat or drink.
Your flesh is vulnerable to fire.
You are immune to poison.
Your flesh is cold resistant. (rC+)
You are immune to negative energy. (rN+++)
You are immune to unholy pain and torment.
You can survive without breathing.


Message History

The orc priest writhes in agony!
Casting: Pain (safe; 6% risk of failure)
Confirm with . or Enter, or press ? or * to list all spells.
Aiming: Pain (safe; 6% risk of failure)
Press: ? - help, Shift-Dir - straight line, f/p - orc priest
Aim: an orc priest, wielding a short sword and wearing a leather armour The orc priest writhes in agony!
Casting: Pain (safe; 6% risk of failure)
Confirm with . or Enter, or press ? or * to list all spells.
Aiming: Pain (safe; 6% risk of failure)
Press: ? - help, Shift-Dir - straight line, f/p - orc priest
Aim: an orc priest, wielding a short sword and wearing a leather armour The orc priest barely resists.
The orc priest hits you with a short sword.
* * * LOW HITPOINT WARNING * * *
The orc hits you but does no damage. The orc priest misses you.
The orc priest mumbles some strange prayers to Beogh against you.
Beogh smites you!
You die...

#.# .# #.# #.# .# .#
#######†######.#
........o......#
#######.#####..#
#..# ##.o# ##[#
#oo.# #.# #.#.# #o#
#@#.# #######.#
#.#.# #.o.()..#
....#
######o########..###
oo..o..# #..#
######## #..# #..#
#..#


You could see an orc priest and 2 orcs.

Vanquished Creatures
  An adder (D:2)
  2 oozes (D:2)
  3 dart slugs
  3 leopard geckos
  3 orcs
  A giant cockroach (D:2)
  4 goblins
  7 hobgoblins
  5 kobolds
  3 bats
  5 frilled lizards
  5 rats
42 creatures vanquished.

Notes
Turn   | Place    | Note
-------+----------+-------------------------------------------
     0 | D:1      | Atlas the Mummy Necromancer began the quest for the Orb.
     0 | D:1      | Reached XP level 1. HP: 13/13 MP: 4/4
   584 | D:1      | Reached XP level 2. HP: 19/19 MP: 2/5
  1295 | D:2      | Noticed a phantom
  1473 | D:2      | Reached XP level 3. HP: 20/24 MP: 5/8
  1504 | D:2      | Learned a level 3 spell: Vampiric Draining
  2069 | D:2      | Found a sparkling altar of Nemelex Xobeh.
  2285 | D:3      | Reached skill level 5 in Necromancy
  2569 | D:3      | Reached XP level 4. HP: 30/30 MP: 3/9
  2603 | D:3      | Killed from afar by an orc priest

Vault maps used:
D:1:      saegor_arrival_simple_d
D:2:      first_ration, nemelex_dance_club_becter
D:3:      nemelex_diamond_rough_becter

Skill      XL: |  1  2  3 |
---------------+----------+-----
Spellcasting   | 3 |  3.6
Necromancy     | 5 |  5.0
Armour         | |  0.5
Dodging        | |  1.5
Stealth        | |  1.6
Unarmed Combat | |  0.1

Action                   |  1- 3 |  4- 6 || total
-------------------------+-------+-------++-------
Melee: Unarmed           |    35 |       ||    35
 Cast: Pain              |    83 |     8 ||    91
Armor: Robe              |     2 |       ||     2
       Leather armour    |     3 |       ||     3
       Ring mail         |    15 |     1 ||    16
Dodge: Dodged            |    29 |     1 ||    30

Table legend:
 A = Non-vault XP
 B = Vault XP
 C = Vault XP percentage of total XP
 D = Non-vault monster count
 E = Vault monster count
 F = Vault count percentage of total count
                 A         B        C        D         E       F
            +---------+---------+-------+---------+---------+-------
      Total |      92 |      10 |   9.8 |      40 |       2 |   4.8
            +---------+---------+-------+---------+---------+-------
        D:1 |      33 |       0 |   0.0 |      18 |       0 |   0.0
        D:2 |      47 |      10 |  17.5 |      15 |       2 |  11.8
        D:3 |      12 |       0 |   0.0 |       7 |       0 |   0.0
            +---------+---------+-------+---------+---------+-------
